 Dungeon Crawl Stone Soup version 0.24.1-11-gbbbb2193e6 (webtiles) character file.

Game seed: 4866808189887114420, levelgen mode: deterministic

35 Descartes the Insei (level 3, 0/27 HPs)
             Began as a Demonspawn Wanderer on May 13, 2020.
             Succumbed to a kobold's poison
             ... on level 1 of the Dungeon.
             The game lasted 00:03:11 (1142 turns).

Descartes the Insei (Demonspawn Wanderer)           Turns: 1142, Time: 00:03:12

Health: 0/27       AC:  3    Str: 16    XL:     3   Next: 16%
Magic:  4/4        EV: 11    Int: 11    God:
Gold:   10         SH:  0    Dex: 16    Spells: 3/4 levels left

rFire    . . .     SeeInvis .   o - +1 dagger (venom)
rCold    . . .     Gourm    .   (no shield)
rNeg     . . .     Faith    .   j - +0 leather armour
rPois    .         Spirit   .   (no helmet)
rElec    .         Reflect  .   (no cloak)
rCorr    .         Harm     .   (no gloves)
MR       .....                  (no boots)
Stlth    +.........             (no amulet)
HPRegen  0.09/turn              h - +5 ring of strength
MPRegen  0.09/turn              (no ring)

@: lethally poisoned (0 -> -5)
A: talons 1
a: no special abilities


You were on level 1 of the Dungeon.
You were not hungry.

You visited 1 branch of the dungeon, and saw 1 of its levels.

You collected 10 gold pieces.

Inventory:

Hand Weapons
 o - a +1 dagger of venom (weapon)
Missiles
 m - 12 stones (quivered)
Armour
 e - a +0 robe
 j - a +0 leather armour (worn)
Jewellery
 h - a +5 ring of strength (left hand)
 l - an uncursed ring of flight {unknown}
Scrolls
 c - a scroll of enchant weapon {unknown}
 d - 2 scrolls of teleportation
 i - a scroll of fog {unknown}
Potions
 b - a potion of haste
 f - a potion of berserk rage
Comestibles
 g - 2 rations
 n - a chunk of flesh


   Skills:
 + Level 1.7 Fighting
 + Level 1.0 Armour
 + Level 1.1 Dodging
   Level 1.0 Shields
 - Level 3.6 Unarmed Combat
 + Level 1.0 Spellcasting
   Level 1.0 Hexes
   Level 2.1 Necromancy
   Level 1.0 Evocations


You had 3 spell levels left.
You knew the following spells:

 Your Spells              Type           Power        Failure   Level  Hunger
a - Sting                 Conj/Pois      #...         36%         1    ##.....

Your spell library contained the following spells:

 Spells                   Type           Power        Failure   Level  Hunger
 Stone Arrow              Conj/Erth      #.....       75%         3    ####...


Dungeon Overview and Level Annotations

Branches:
Dungeon (1/15)

Altars:


Innate Abilities, Weirdness & Mutations

You have sharp toenails.


Message History

You feel sick.
* * * LOW HITPOINT WARNING * * *
You feel sick.
Okay, then.
There is a lethal amount of poison in your body!
* * * LOW HITPOINT WARNING * * *
You feel sick.
* * * LOW HITPOINT WARNING * * *
You feel sick.
* * * LOW HITPOINT WARNING * * *
You feel sick.
* * * LOW HITPOINT WARNING * * *
You feel sick.
* * * LOW HITPOINT WARNING * * *
You feel sick.
* * * LOW HITPOINT WARNING * * *
You feel sick.
* * * LOW HITPOINT WARNING * * *
You feel sick.
You die...

##...<.........#...........#####
#..>...........#................
#.....#########..)...####...#####
.....##.........#....####....# ##
....##.##########............###.
...##.##..#.#................##.#
..##.##...#.#.###....####........
.##.###.#.#.#.###..#.# ####.##.#
##.## #.........@..#.#######.###.
#.#####.........รท..#.##......#
## #......##.#..........##.######
# ######.##.###.###.#####.# #
#.##.# #.###.#####.# # #.##.#
#.......)...# # #.##.#
#.....####### # ##.##.# #.##### #
##...#.# # #


There were no monsters in sight!

Vanquished Creatures
  A dart slug (D:1)
  A ball python (D:1)
  4 bats (D:1)
  A giant cockroach (D:1)
  5 goblins (D:1)
  5 hobgoblins (D:1)
  3 jackals (D:1)
  4 kobolds (D:1)
  4 rats (D:1)
28 creatures vanquished.

Notes
Turn   | Place    | Note
-------+----------+-------------------------------------------
     0 | D:1      | Descartes the Demonspawn Wanderer began the quest for the
                  | Orb.
     0 | D:1      | Descartes set off with the following items: a +0 dagger, a
                  | potion of haste, a scroll of teleportation, a +0 robe, a
                  | potion of berserk rage, a ration; and the following spell
                  | memorised: Sting; and the following spells available to
                  | memorise: Stone Arrow
     0 | D:1      | Reached XP level 1. HP: 15/15 MP: 1/1
   187 | D:1      | Gained mutation: You have sharp toenails. [demonic
                  | ancestry]
   187 | D:1      | Reached XP level 2. HP: 21/21 MP: 2/2
   479 | D:1      | Reached skill level 1 in Dodging
   479 | D:1      | Reached skill level 1 in Spellcasting
   809 | D:1      | Reached skill level 1 in Armour
   817 | D:1      | Reached XP level 3. HP: 23/27 MP: 4/4
  1137 | D:1      | HP: 1/27 [poisoned by a kobold]
  1142 | D:1      | Succumbed to a kobold's poison

Levels and vault maps discovered:
D:1:      psy_arrival_spokes, layout_loops_ring, st_stairs_14

Skill      XL: |  1  2 |
---------------+-------+-----
Dodging        | 1 |  1.1
Spellcasting   | 1 |  1.0
Armour         | 1 |  1.0
Fighting       | |  1.7
Shields        | |  1.0
Unarmed Combat | |  3.6
Hexes          | |  1.0
Necromancy     | |  2.1
Evocations     | |  1.0

Action                   || total
-------------------------++-------
Melee: Dagger            ||   101
       Punch             ||     3
       Kick              ||    19
  Use: Potion            ||     1
  Eat: Chunk             ||     1
Armor: Robe              ||     1
       Leather armour    ||    30
Dodge: Dodged            ||    78
